[Event "Titled Tuesday Blitz February 07 Late 2023"]
[White "Saveliev, Alexei"]
[Black "Halkias, Stelios"]
[WhiteFideId "24128546"]
[BlackFideId "4201809"]
[WhiteElo "2385"]
[BlackElo "2511"]
[Result "0-1"]
[Round "08"]
[TimeControl "180+2"]
[Date "2023.02.07"]
[WhiteClock "0:01:16"]
[BlackClock "0:00:57"]

1. c4 e5 2. Nc3 Nf6 3. Nf3 e4 4. Ng5 c6 5. Ngxe4 Nxe4 6. Nxe4 d5 7. cxd5 cxd5 8. Ng3 h5 9. e3 h4 10. Ne2 Nc6 11. d4 Qf6 12. Nf4 Bd6 13. Nxd5 Qg6 14. Bd2 h3 15. Rg1 Bxh2 16. gxh3 Qxg1 17. Qf3 Bxh3 18. Qe4+ Be6 19. O-O-O Qg4 20. f4 Rc8 21. Nc3 Kf8 22. d5 Bf5 23. Qa4 Ne7 24. e4 Bxf4 25. Be2 Qxe2 26. exf5 Bxd2+ 27. Rxd2 Rh1+ 28. Kc2 Qf3 29. d6 Qxf5+ 30. Kb3 Nc6 31. d7 Rd8 32. Rd5 Qe6 33. Ka3 Rh3 0-1


[Site "https://www.chess.com"]

[Event "Titled Tuesday Blitz February 07 Late 2023"]
[White "Alex_Sahakyan2006"]
[Black "Golubev, Mikhail"]
[BlackFideId "14100983"]
[WhiteElo "2733"]
[BlackElo "2461"]
[Result "1/2-1/2"]
[Round "08"]
[TimeControl "180+2"]
[Date "2023.02.07"]
[WhiteClock "0:01:57"]
[BlackClock "0:01:12"]

1. d4 Nf6 2. c4 g6 3. Nc3 Bg7 4. e4 d6 5. f4 O-O 6. Nf3 c5 7. d5 e6 8. Be2 exd5 9. cxd5 b5 10. e5 dxe5 11. fxe5 Ng4 12. Bg5 Qb6 13. O-O c4+ 14. Kh1 Nd7 15. d6 Bb7 16. Nd5 Bxd5 17. Qxd5 Nf2+ 18. Kg1 Nh3+ 19. Kh1 Nf2+ 20. Kg1 Nh3+ 21. Kh1 Nf2+ 1/2-1/2


[Site "https://www.chess.com"]

[Event "Titled Tuesday Blitz February 07 Late 2023"]
[White "Koziorowicz, Michal"]
[Black "Schekachikhin, Maksim"]
[WhiteFideId "21809194"]
[BlackFideId "24177830"]
[WhiteElo "2307"]
[BlackElo "2371"]
[Result "1-0"]
[Round "08"]
[TimeControl "180+2"]
[Date "2023.02.07"]
[WhiteClock "0:00:16"]
[BlackClock "0:00:01"]

1. a3 d5 2. Nf3 Nf6 3. e3 Bf5 4. c4 c6 5. Nc3 e6 6. d4 Nbd7 7. Be2 h6 8. O-O Be7 9. b4 O-O 10. Bb2 Ne4 11. Nxe4 Bxe4 12. Nd2 Bg6 13. Qb3 a6 14. Rfe1 Bf6 15. f4 Be7 16. Nf3 Nf6 17. Ne5 Bh7 18. Bf3 Be4 19. Ng4 Bxf3 20. Nxf6+ Bxf6 21. gxf3 a5 22. Kh1 axb4 23. axb4 dxc4 24. Qxc4 Qb6 25. Qc5 Qc7 26. Rec1 Be7 27. Qc4 Qb6 28. Bc3 Qb5 29. Qxb5 cxb5 30. Kg2 Ra4 31. Kf2 Rfa8 32. Rab1 Ra2+ 33. Kg3 Rc8 34. Be1 Rc4 35. Rd1 Ra3 36. e4 g5 37. fxg5 hxg5 38. h3 f5 39. Ra1 Rxa1 40. Rxa1 Rxd4 41. Ra7 Bd6+ 42. Kg2 fxe4 43. fxe4 Rxe4 44. Bf2 Rxb4 45. Rxb7 Rb2 46. Kf3 Bf4 47. Bd4 Rb3+ 48. Kg4 e5 49. Bc5 e4 50. Kf5 Rc3 51. Bd4 Rc4 52. Kxe4 b4 53. Kd5 Rc7 54. Rxb4 Kf7 55. Rb6 Rd7+ 56. Ke4 Rc7 57. Kf5 Rc4 58. Rf6+ Ke7 59. Bb2 Rc2 60. Ba3+ Kd7 61. Rf7+ Ke8 62. Rf8+ Kd7 63. Rf7+ Ke8 64. Rf6 Rh2 65. Kg4 Rg2+ 66. Kf5 Rg3 67. Ke6 Re3+ 68. Kf5 Rxh3 69. Bc5 Rc3 70. Bd4 Rd3 71. Bf2 Kd7 72. Be1 Rd5+ 73. Kg4 Ke7 74. Ra6 Kf7 75. Bb4 Be3 76. Bc3 Rc5 77. Ba1 Rc4+ 78. Kf5 Rf4+ 79. Ke5 Bd2 80. Ra7+ Ke8 81. Ke6 Re4+ 82. Be5 Rxe5+ 83. Kxe5 Bf4+ 84. Kf5 Kd8 85. Ke6 1-0


[Site "https://www.chess.com"]

[Event "Titled Tuesday Blitz February 07 Late 2023"]
[White "Kaplan, Avi Harrison"]
[Black "Goltsev, Dmitry"]
[WhiteFideId "30934559"]
[BlackFideId "24176710"]
[WhiteElo "2146"]
[BlackElo "2269"]
[Result "0-1"]
[Round "08"]
[TimeControl "180+2"]
[Date "2023.02.07"]
[WhiteClock "0:00:01"]
[BlackClock "0:01:24"]

1. g3 d5 2. Bg2 c6 3. b4 Nf6 4. Bb2 Nbd7 5. a3 e5 6. d3 Bd6 7. Nd2 Qe7 8. c4 O-O 9. Qc2 a5 10. c5 Bc7 11. e3 axb4 12. axb4 Rxa1+ 13. Bxa1 b6 14. cxb6 Bxb6 15. Qxc6 Ba6 16. Ne2 Rc8 17. Qa4 Bxd3 18. Qb3 e4 19. Bb2 Ng4 20. Nf4 Bxe3 21. fxe3 Nxe3 22. Nxd5 Nxg2+ 23. Kf2 Qg5 24. Kxg2 Qxd2+ 25. Kh3 Qh6+ 26. Kg4 f5+ 27. Kxf5 e3+ 28. Kg4 Be2+ 29. Kf5 Qg6+ 30. Kf4 Qg4+ 31. Kxe3 Qf3+ 32. Kd2 Qxb3 33. Ne7+ Kf7 34. Nxc8 Qd3+ 35. Ke1 Bf3 36. Kf2 Qe2+ 37. Kg1 Qg2# 0-1


[Site "https://www.chess.com"]

[Event "Titled Tuesday Blitz February 07 Late 2023"]
[White "Javakhadze, Zurab"]
[Black "Przybylski, Wojciech"]
[WhiteFideId "13603647"]
[BlackFideId "1117599"]
[WhiteElo "2459"]
[BlackElo "2321"]
[Result "1-0"]
[Round "08"]
[TimeControl "180+2"]
[Date "2023.02.07"]
[WhiteClock "0:00:32"]
[BlackClock "0:00:01"]

1. g3 d5 2. Nf3 c6 3. Bg2 Bg4 4. O-O Nd7 5. d3 Ngf6 6. Nbd2 e6 7. e4 Bc5 8. Qe1 O-O 9. h3 Bxf3 10. Nxf3 Qb6 11. e5 Ne8 12. c3 Be7 13. h4 h6 14. Qe2 Nc7 15. Be3 c5 16. b4 Qa6 17. Rab1 cxb4 18. cxb4 Nb5 19. Qb2 Rac8 20. Rfc1 Qa4 21. Rxc8 Rxc8 22. Rc1 Rc6 23. Rxc6 bxc6 24. Bd2 c5 25. bxc5 Bxc5 26. Bf1 d4 27. Be2 a6 28. g4 Nb6 29. g5 hxg5 30. Nxg5 Nd5 31. Bh5 g6 32. Bf3 Ba3 33. Qb1 Ndc3 34. Qe1 Qc2 35. h5 Qxd3 36. h6 Be7 37. Kg2 Bxg5 38. Bxg5 Qf5 39. h7+ Kxh7 40. Qh1+ Kg8 41. Bf6 1-0


[Site "https://www.chess.com"]

[Event "Titled Tuesday Blitz February 07 Late 2023"]
[White "Herman, Daniel"]
[Black "Gascon Del Nogal, Jose Rafael"]
[WhiteFideId "30935008"]
[BlackFideId "3902463"]
[WhiteElo "1956"]
[BlackElo "2459"]
[Result "1-0"]
[Round "08"]
[TimeControl "180+2"]
[Date "2023.02.07"]
[WhiteClock "0:00:14"]
[BlackClock "0:00:04"]

1. e4 c5 2. c3 Nf6 3. e5 Nd5 4. d4 cxd4 5. Nf3 Nc6 6. cxd4 d6 7. Bc4 Nb6 8. Bb3 dxe5 9. d5 Na5 10. Nc3 Nxb3 11. Qxb3 f6 12. Be3 Bd7 13. O-O Nc8 14. Qxb7 Nd6 15. Qb4 g6 16. Bc5 Qb8 17. Qh4 Bg7 18. b4 O-O 19. Rac1 g5 20. Qh5 a5 21. b5 Qc8 22. Bxd6 Bg4 23. Qxg4 Qxg4 24. Bxe7 Rfe8 25. d6 e4 26. h3 Qd7 27. Nxe4 Rxe7 28. dxe7 Qxe7 29. Ng3 Qb4 30. Rb1 Qc4 31. b6 Qxa2 32. Rfc1 Kf7 33. b7 Rb8 34. Rc7+ Kg6 35. Rb6 Qd5 36. h4 h5 37. hxg5 a4 38. gxf6 Bxf6 39. Rcc6 a3 40. Rxf6+ Kg7 41. Rg6+ Kf7 42. Ng5+ Ke7 43. Rg7+ Kf8 44. Rbg6 a2 45. Nh7+ Ke8 46. Nf6+ Kf8 47. Nxd5 a1=Q+ 48. Kh2 Qxg7 49. Rxg7 Kxg7 50. Nf5+ Kh7 51. Nd6 Kg7 52. Nb6 Kf6 53. Nd7+ 1-0


[Site "https://www.chess.com"]

[Event "Titled Tuesday Blitz February 07 Late 2023"]
[White "Brilej, Jaka"]
[Black "Urazayev, Arystanbek"]
[WhiteFideId "14618818"]
[BlackFideId "13709810"]
[WhiteElo "2321"]
[BlackElo "2460"]
[Result "0-1"]
[Round "08"]
[TimeControl "180+2"]
[Date "2023.02.07"]
[WhiteClock "0:00:07"]
[BlackClock "0:00:43"]

1. e4 c5 2. Nf3 d6 3. d4 cxd4 4. Nxd4 Nf6 5. Nc3 Nc6 6. Bg5 e6 7. Qd2 a6 8. O-O-O Be7 9. f4 Bd7 10. Bxf6 Bxf6 11. Nxc6 Bxc6 12. Qe3 Qa5 13. Rxd6 Bxc3 14. Qxc3 Qxc3 15. bxc3 Bxe4 16. Rg1 Ke7 17. Rd4 Bd5 18. Kb2 Rhd8 19. g3 Rac8 20. Bg2 Bxg2 21. Rxg2 Rd7 22. Rgd2 Rdc7 23. R2d3 h5 24. Re4 Kf6 25. h3 Rc6 26. Red4 R8c7 27. Rd7 Kf5 28. R7d4 f6 29. Re3 Rb6+ 30. Kc1 Rb5 31. a4 Rbc5 32. Kb2 Rc4 33. Kb3 R4c6 34. Rb4 Rd6 35. Rd4 Rcc6 36. Rb4 b6 37. Rd4 a5 38. Red3 Rxd4 39. cxd4 h4 40. gxh4 Kxf4 41. c4 e5 42. d5 Rd6 43. Kc3 e4 44. Rd1 f5 45. Kd4 g6 46. Rg1 Kf3 47. Ke5 Rd8 48. Rxg6 f4 49. h5 e3 50. Kf5 Rf8+ 51. Kg5 Re8 52. Rf6 e2 53. Rxf4+ Kg3 54. Rg4+ Kh2 0-1


[Site "https://www.chess.com"]

[Event "Titled Tuesday Blitz February 07 Late 2023"]
[White "Harvey, Marcus R"]
[Black "Gurevich, Dmitry"]
[WhiteFideId "400092"]
[BlackFideId "2000407"]
[WhiteElo "2462"]
[BlackElo "2393"]
[Result "1-0"]
[Round "08"]
[TimeControl "180+2"]
[Date "2023.02.07"]
[WhiteClock "0:00:57"]
[BlackClock "0:00:01"]

1. d4 Nf6 2. c4 a6 3. g3 c5 4. Nf3 cxd4 5. Nxd4 Qc7 6. Bg2 Qxc4 7. O-O Nc6 8. Be3 Nxd4 9. Bxd4 e6 10. Nc3 Be7 11. Rc1 Qb4 12. a3 Qa5 13. Qd3 O-O 14. e4 d6 15. b4 Qd8 16. Rfd1 Bd7 17. e5 dxe5 18. Bxe5 Bc6 19. Bxc6 bxc6 20. Qc4 Nd5 21. Qxc6 Rc8 22. Qxa6 Ra8 23. Qb7 Rxa3 24. Nxd5 exd5 25. Rxd5 Qe8 26. Bxg7 Kxg7 27. Re5 Qd8 28. Qxe7 Qxe7 29. Rxe7 Rb3 30. Rb7 Kg6 31. Rc6+ f6 32. Rcc7 h5 33. Rg7+ Kf5 34. Rb5+ Ke6 35. Rh7 Rd8 36. Rhxh5 Rd2 37. Rhf5 Rd4 38. Rf4 Rxf4 39. gxf4 Rf3 40. f5+ Kd6 41. Kg2 Rf4 42. Kg3 Rc4 43. h4 Ke7 44. Rb7+ 1-0


[Site "https://www.chess.com"]

[Event "Titled Tuesday Blitz February 07 Late 2023"]
[White "Pakleza, Zbigniew"]
[Black "Fisher_TheGalactic"]
[WhiteFideId "1119290"]
[WhiteElo "2494"]
[BlackElo "2561"]
[Result "0-1"]
[Round "08"]
[TimeControl "180+2"]
[Date "2023.02.07"]
[WhiteClock "0:00:33"]
[BlackClock "0:00:26"]

1. e3 b6 2. f3 Bb7 3. d3 e6 4. g3 d5 5. h3 c5 6. c3 Nc6 7. b3 Bd6 8. Ne2 Nge7 9. Kf2 Qc7 10. a3 h5 11. Rg1 O-O-O 12. b4 h4 13. g4 f5 14. bxc5 bxc5 15. g5 d4 16. cxd4 cxd4 17. e4 fxe4 18. dxe4 d3 19. Nec3 Bc5+ 20. Be3 Bxe3+ 21. Kxe3 Qb6+ 22. Kd2 Qxg1 23. Nb5 Qf2+ 24. Kc1 Qc2+ 25. Qxc2 dxc2 26. Kxc2 a6 27. N5c3 Nd4+ 28. Kb2 Nxf3 29. Bc4 Nxg5 30. e5 Kb8 31. a4 Rd4 32. Na3 Rc8 33. Bb3 Nd5 34. Na2 Rd2+ 35. Nc2 Ne3 36. Rg1 Nf3 37. Rxg7 Nxc2 38. a5 Nb4+ 39. Ka3 Nxa2 40. Bxa2 Rc3+ 41. Bb3 Bd5 42. Ka4 Rd4+ 43. Ka3 Rxb3+ 44. Ka2 Ra4# 0-1


[Site "https://www.chess.com"]

[Event "Titled Tuesday Blitz February 07 Late 2023"]
[White "Schroeder, Jan-Christian"]
[Black "Maltsevskaya, Aleksandra"]
[WhiteFideId "24662259"]
[BlackFideId "24174041"]
[WhiteElo "2553"]
[BlackElo "2390"]
[Result "1-0"]
[Round "08"]
[TimeControl "180+2"]
[Date "2023.02.07"]
[WhiteClock "0:01:16"]
[BlackClock "0:00:02"]

1. c4 Nf6 2. Nc3 d6 3. d4 g6 4. Nf3 Bg7 5. g3 O-O 6. Bg2 Nbd7 7. O-O e5 8. e4 exd4 9. Nxd4 Nc5 10. h3 Re8 11. Re1 Bd7 12. Bf4 a5 13. b3 a4 14. b4 Ne6 15. Be3 Qc8 16. Kh2 Nxd4 17. Bxd4 Be6 18. Qd3 c5 19. bxc5 dxc5 20. Bxf6 Bxf6 21. e5 Bg7 22. f4 Qc7 23. Rab1 Rad8 24. Nd5 Qa5 25. Re2 Qa6 26. Reb2 Bf5 27. Be4 Bxe4 28. Qxe4 f6 29. Rb6 Qa5 30. e6 Qd2+ 31. Qg2 Qd4 32. Qe2 f5 33. Rxb7 h5 34. R1b6 Kh7 35. Rc7 Rxd5 36. cxd5 Qxd5 37. Rbb7 1-0


[Site "https://www.chess.com"]

[Event "Titled Tuesday Blitz February 07 Late 2023"]
[White "Fernandez Guillen, Ernesto J."]
[Black "Sztokbant, Bernardo Vainzoff"]
[WhiteFideId "3512428"]
[BlackFideId "2115956"]
[WhiteElo "2477"]
[BlackElo "2213"]
[Result "1-0"]
[Round "08"]
[TimeControl "180+2"]
[Date "2023.02.07"]
[WhiteClock "0:00:11"]
[BlackClock "0:00:01"]

1. e4 c5 2. Nf3 e6 3. d4 cxd4 4. Nxd4 Nc6 5. Nc3 Qc7 6. Be3 a6 7. Qd2 Nf6 8. f3 Bb4 9. O-O-O d5 10. Bg5 dxe4 11. Bxf6 gxf6 12. Nxc6 bxc6 13. fxe4 a5 14. Kb1 Rb8 15. Bc4 Ke7 16. Qe3 Qe5 17. Na4 Rg8 18. g3 Rg4 19. Qa7+ Rb7 20. Qa8 Qb8 21. Qxb8 Rxb8 22. Bd3 Bd6 23. c3 f5 24. exf5 Rxa4 25. b3 Rg4 26. Rhe1 Kf8 27. Kc2 e5 28. Be2 Bxf5+ 29. Kb2 Rg6 30. Bc4 Bc7 31. Rf1 Be6 32. Bd3 Rg4 33. Be2 Re4 34. Bf3 Re3 35. Rd2 a4 36. b4 a3+ 37. Kc2 Bxa2 38. Bxc6 Be6 39. Ra1 a2 40. Bd5 Bxd5 41. Rxd5 Re2+ 42. Kb3 Rxh2 43. Rc5 Bd6 44. Rc6 Ke7 45. Ra6 Rg2 46. Rd1 Rd8 47. Ra7+ Ke6 48. Ra6 Rxg3 49. Rxa2 Rc8 50. Rc2 e4 51. b5 f5 52. Rb1 e3 53. b6 f4 54. b7 Rb8 55. Kc4 f3 56. Kd4 e2 57. Ke3 Rh3 58. c4 Kd7 59. c5 Bc7 60. c6+ Kd6 61. Kf2 Kd5 62. Rbc1 Rh2+ 63. Kxf3 Rf8+ 64. Kg4 Rg2+ 65. Kh3 Rg3+ 66. Kh4 Rf6 67. Rd2+ Ke4 68. Rxe2+ Kf3 69. Rc3+ Kxe2 70. Rxg3 Bxg3+ 71. Kxg3 Rxc6 72. b8=Q Rc3+ 73. Kf4 Rf3+ 74. Kg4 h5+ 75. Kxh5 Re3 76. Kg4 Rd3 77. Kf4 Rf3+ 78. Kg4 Re3 79. Qb5+ Kd2 80. Kf4 Rd3 81. Qc4 Rc3 82. Qb4 Kd3 83. Qe4+ Kd2 84. Qd4+ Rd3 85. Qb2+ Ke1 86. Ke4 Rd2 87. Qc3 Ke2 88. Qf3+ Ke1 89. Qh1+ Ke2 90. Qg2+ Kd1 91. Qf1+ Kc2 92. Qc4+ Kd1 93. Ke3 Rg2 94. Qf1+ Kc2 95. Qxg2+ 1-0


[Site "https://www.chess.com"]

[Event "Titled Tuesday Blitz February 07 Late 2023"]
[White "TheKnightOfBosnia"]
[Black "Tanenbaum, Zachary"]
[BlackFideId "2060850"]
[WhiteElo "2526"]
[BlackElo "2261"]
[Result "0-1"]
[Round "08"]
[TimeControl "180+2"]
[Date "2023.02.07"]
[WhiteClock "0:00:04"]
[BlackClock "0:00:54"]

1. e4 e5 2. Nf3 Nc6 3. Bb5 a6 4. Ba4 d6 5. c4 Bg4 6. h3 Bxf3 7. Qxf3 Nf6 8. d3 Nd7 9. Nc3 Be7 10. Be3 O-O 11. O-O Nd4 12. Bxd4 exd4 13. Nd5 c6 14. Nxe7+ Qxe7 15. b4 Qg5 16. Qe2 a5 17. a3 Rfe8 18. f4 Qg3 19. Rf3 Qh4 20. Rff1 axb4 21. axb4 Nb6 22. Qc2 Ra7 23. Kh2 Rea8 24. c5 Nxa4 25. cxd6 Nc3 26. Rxa7 Rxa7 27. e5 Ra2 28. Qb3 Rf2 29. Rxf2 Qxf2 30. d7 Qxf4+ 31. Kh1 Qh4 32. e6 Qe7 33. exf7+ Kf8 34. b5 Qxd7 35. bxc6 bxc6 36. Qb8+ Kxf7 37. Qf4+ 0-1


[Site "https://www.chess.com"]

[Event "Titled Tuesday Blitz February 07 Late 2023"]
[White "Koutlas, Nikolaos"]
[Black "Cardoso Cardoso, Jose Gabriel"]
[WhiteFideId "25827138"]
[BlackFideId "4430492"]
[WhiteElo "2341"]
[BlackElo "2492"]
[Result "0-1"]
[Round "08"]
[TimeControl "180+2"]
[Date "2023.02.07"]
[WhiteClock "0:00:01"]
[BlackClock "0:00:36"]

1. c4 c6 2. e4 e5 3. Nf3 d6 4. Nc3 Nf6 5. d4 Nbd7 6. h3 Be7 7. Be3 O-O 8. Be2 Re8 9. O-O Bf8 10. Qc2 exd4 11. Nxd4 Nc5 12. Bf3 a5 13. Rad1 Qc7 14. Rfe1 g6 15. Bf4 Nfd7 16. a3 a4 17. Rd2 Ne5 18. Be2 Qb6 19. Be3 Qc7 20. f4 Ned7 21. Bf3 Nb6 22. Be2 Qe7 23. Bd3 Bg7 24. Rde2 Qf8 25. Kh1 Bd7 26. Nf3 Be6 27. e5 Nxd3 28. Bxb6 Nxe1 29. Rxe1 dxe5 30. Nxe5 Bxc4 31. Ne4 Bb3 32. Qc3 Qe7 33. Bc5 Qe6 34. Ng5 Qf5 35. Bd4 Rad8 36. Bb6 Qxf4 37. Ngf3 Rd5 38. Bc7 Qf5 39. Qb4 Bxe5 40. Bxe5 Rdxe5 41. Nxe5 Rxe5 42. Rxe5 Qxe5 43. Qxb7 Qxb2 44. Kh2 Qe5+ 45. Kh1 Bd5 0-1


[Site "https://www.chess.com"]

[Event "Titled Tuesday Blitz February 07 Late 2023"]
[White "Vega Gutierrez, Sabrina"]
[Black "Tatarinov, Dmitry"]
[WhiteFideId "2219026"]
[BlackFideId "24160067"]
[WhiteElo "2377"]
[BlackElo "2310"]
[Result "0-1"]
[Round "08"]
[TimeControl "180+2"]
[Date "2023.02.07"]
[WhiteClock "0:00:01"]
[BlackClock "0:01:36"]

1. e4 d5 2. exd5 Qxd5 3. Nf3 Nc6 4. d4 Bg4 5. Be2 O-O-O 6. c4 Qa5+ 7. Bd2 Qb6 8. d5 Bxf3 9. Bxf3 Ne5 10. Be2 e6 11. Nc3 Nf6 12. Na4 Qd4 13. Bc3 Qe4 14. f3 Qf4 15. O-O exd5 16. c5 d4 17. Bd2 Qf5 18. f4 Nc6 19. b4 d3 20. Bf3 Nd4 21. Rc1 h5 22. Nc3 Ng4 23. h3 Nxf3+ 24. Qxf3 Nf6 25. Rfe1 Kb8 26. Re5 Qd7 27. b5 Qd4+ 28. Be3 d2 29. Rd1 Qxc3 30. b6 Nd5 31. Bxd2 Qxc5+ 0-1


[Site "https://www.chess.com"]

[Event "Titled Tuesday Blitz February 07 Late 2023"]
[White "Starozhilov, Leonid"]
[Black "Danielyan, Vahe"]
[WhiteFideId "14106752"]
[BlackFideId "13304828"]
[WhiteElo "2313"]
[BlackElo "2346"]
[Result "0-1"]
[Round "08"]
[TimeControl "180+2"]
[Date "2023.02.07"]
[WhiteClock "0:00:02"]
[BlackClock "0:00:20"]

1. e4 c6 2. d3 d5 3. Nd2 e5 4. Ngf3 Bd6 5. d4 exd4 6. exd5 Nf6 7. dxc6 Nxc6 8. Nb3 Bg4 9. Be2 O-O 10. O-O Re8 11. h3 Bh5 12. Nfxd4 Rxe2 13. Nxe2 Qc7 14. f3 Rd8 15. Kh1 Bb4 16. Ned4 Bg6 17. Bg5 Nxd4 18. Nxd4 Qe5 19. Bxf6 Qxf6 20. c3 Bc5 21. Qe2 h5 22. Rfe1 Qh4 23. f4 Qxf4 24. Qf3 Rxd4 25. cxd4 Qxd4 26. Rad1 Qh4 27. Re8+ Kh7 28. Rdd8 Bc2 29. Rh8+ Kg6 0-1


[Site "https://www.chess.com"]

[Event "Titled Tuesday Blitz February 07 Late 2023"]
[White "Martinez Ramirez, Lennis"]
[Black "Dudzinski, Pawel"]
[WhiteFideId "3509079"]
[BlackFideId "1117890"]
[WhiteElo "2426"]
[BlackElo "2186"]
[Result "1-0"]
[Round "08"]
[TimeControl "180+2"]
[Date "2023.02.07"]
[WhiteClock "0:01:29"]
[BlackClock "0:00:04"]

1. d4 d5 2. c4 c6 3. Nf3 e6 4. Nbd2 f5 5. g3 Nf6 6. Bg2 Bd6 7. O-O O-O 8. Ne5 Bd7 9. Ndf3 Be8 10. Ng5 Qe7 11. Bf4 h6 12. Ngf3 g5 13. Bd2 Bh5 14. Rc1 Nbd7 15. a3 Ne4 16. Qc2 Bxe5 17. dxe5 Bxf3 18. exf3 Nxd2 19. Qxd2 Nxe5 20. cxd5 exd5 21. f4 Nc4 22. Qd4 Qf6 23. Rxc4 dxc4 24. Qxc4+ Qf7 25. Qb4 g4 26. a4 Rfe8 27. a5 a6 28. h3 h5 29. Kh2 Re2 30. Kg1 Rd8 31. b3 Rd3 32. hxg4 hxg4 33. Qc5 Kh7 34. b4 Rdd2 35. Qa7 Kg6 36. Qb8 Kg7 37. Qc8 Rb2 38. Rd1 Red2 39. Re1 Rxf2 40. Bf1 Rbd2 41. Re6 Qd7 42. Qxd7+ Rxd7 43. Kxf2 Rd2+ 44. Be2 Kf7 45. Re5 Rb2 46. Rxf5+ Ke6 47. Re5+ Kd6 48. Re4 Kd5 49. Re5+ Kd6 50. Rg5 Rxb4 51. Rg6+ Kc5 52. Rxg4 Ra4 53. f5 Rxg4 54. Bxg4 Kd5 55. f6 Kd6 56. Bc8 c5 57. Bxb7 1-0


[Site "https://www.chess.com"]

[Event "Titled Tuesday Blitz February 07 Late 2023"]
[White "Buchenau, Frank"]
[Black "Di Berardino, Diego Rafael"]
[WhiteFideId "4604350"]
[BlackFideId "2105446"]
[WhiteElo "2222"]
[BlackElo "2479"]
[Result "0-1"]
[Round "08"]
[TimeControl "180+2"]
[Date "2023.02.07"]
[WhiteClock "0:00:41"]
[BlackClock "0:01:27"]

1. e4 c5 2. Nf3 b6 3. d4 cxd4 4. Nxd4 Bb7 5. Nc3 Nf6 6. e5 Nd5 7. Nxd5 Bxd5 8. Nf5 e6 9. Nd6+ Bxd6 10. exd6 Qf6 11. Be3 Qxb2 12. Bd4 Qb4+ 13. c3 Qxd6 14. Bxg7 Rg8 15. Qd4 Nc6 16. Qf6 Qe7 17. c4 Qb4+ 18. Kd1 Bxc4 19. Bxc4 Qxc4 20. Rc1 Qg4+ 0-1


[Site "https://www.chess.com"]

[Event "Titled Tuesday Blitz February 07 Late 2023"]
[White "Saya, Ethan"]
[Black "Averjanov, Alexey"]
[WhiteFideId "26095181"]
[BlackFideId "14109867"]
[WhiteElo "2181"]
[BlackElo "2399"]
[Result "0-1"]
[Round "08"]
[TimeControl "180+2"]
[Date "2023.02.07"]
[WhiteClock "0:00:41"]
[BlackClock "0:00:36"]

1. d4 d5 2. c4 dxc4 3. Nf3 Nf6 4. e3 e6 5. Bxc4 a6 6. O-O b5 7. Bb3 Bb7 8. a4 b4 9. Nbd2 Nbd7 10. Nc4 c5 11. Nce5 Be7 12. Nxf7 Kxf7 13. Ng5+ Ke8 14. Nxe6 Qb6 15. a5 Qc6 16. d5 Qd6 17. Nxg7+ Kf7 18. Nf5 Qe5 19. d6+ c4 20. Bxc4+ Ke8 21. Nxe7 Qe4 22. Qf3 Qxf3 23. gxf3 Ne5 24. Be2 Nxf3+ 25. Bxf3 Bxf3 26. b3 Kd7 27. Re1 Rhg8+ 28. Nxg8 Rxg8+ 29. Kf1 Rg2 30. Re2 Rxh2 31. Ke1 Ne4 32. Kd1 Rxf2 33. Ra2 Bxe2+ 34. Ke1 Rg2 35. Rc2 Bf3 36. Rxg2 Bxg2 37. Ke2 h5 0-1


[Site "https://www.chess.com"]

[Event "Titled Tuesday Blitz February 07 Late 2023"]
[White "Goroshkov, Maksym"]
[Black "Gutkin, Ilya"]
[WhiteFideId "14142716"]
[BlackFideId "16203470"]
[WhiteElo "2287"]
[BlackElo "2273"]
[Result "1-0"]
[Round "08"]
[TimeControl "180+2"]
[Date "2023.02.07"]
[WhiteClock "0:01:34"]
[BlackClock "0:00:02"]

1. e4 e6 2. d4 d5 3. exd5 exd5 4. c4 Nf6 5. Nc3 Bb4 6. Nf3 O-O 7. Be2 h6 8. O-O c6 9. Ne5 Bf5 10. Bd3 Bxd3 11. Qxd3 dxc4 12. Qxc4 Bd6 13. Bf4 Bc7 14. Rad1 Nbd7 15. Rfe1 Nb6 16. Qb3 Nbd5 17. Bg3 Rb8 18. Na4 Bd6 19. Nc5 Qb6 20. Ned7 Qxb3 21. axb3 Bxc5 22. Nxf6+ Nxf6 23. Bxb8 Bb4 24. Bxa7 Bxe1 25. Rxe1 Ra8 26. Bc5 Ra2 27. Ba3 Nd5 28. g3 b5 29. Bc5 Rxb2 30. Re8+ Kh7 31. Rc8 Rxb3 32. Rxc6 Rd3 33. Rd6 Nf6 34. Rb6 Ne4 35. Rxb5 Rd2 36. f4 Nxc5 37. dxc5 Rc2 38. Rb7 Rxc5 39. Rxf7 Rc2 40. Rd7 Kg6 41. Rd5 Kf6 42. Rd1 Kf5 43. Rf1 Ke4 44. Rf2 Rc3 45. Kg2 Kf5 46. Ra2 h5 47. Ra5+ Kg6 48. Kh3 Rc2 49. Rg5+ Kh6 50. Rd5 g6 51. Rd1 Kg7 52. Rg1 Kf6 53. Rg2 Rc3 54. Rd2 Ra3 55. Kg2 Kg7 56. Kf2 Kh6 57. Re2 Rb3 58. h3 Ra3 59. Re3 Ra2+ 60. Kf3 Ra4 61. g4 hxg4+ 62. hxg4 Ra1 63. Re7 Rf1+ 64. Kg3 Rg1+ 65. Kh3 Rf1 66. g5+ 1-0


[Site "https://www.chess.com"]

[Event "Titled Tuesday Blitz February 07 Late 2023"]
[White "Kourkoulos-Arditis, Stamatis"]
[Black "Bilan, Danila"]
[WhiteFideId "4221990"]
[BlackFideId "24161918"]
[WhiteElo "2539"]
[BlackElo "2303"]
[Result "0-1"]
[Round "08"]
[TimeControl "180+2"]
[Date "2023.02.07"]
[WhiteClock "0:00:02"]
[BlackClock "0:00:19"]

1. e4 c6 2. Nf3 d5 3. Nc3 Bg4 4. h3 Bxf3 5. Qxf3 e6 6. Be2 Nd7 7. O-O Ngf6 8. Rd1 Be7 9. d4 dxe4 10. Nxe4 Nxe4 11. Qxe4 Qc7 12. c4 O-O 13. Bf4 Bd6 14. Bg5 Rfe8 15. Rac1 Qa5 16. c5 Be7 17. Bd2 Qd8 18. Bf4 Bg5 19. b4 a6 20. a4 Nf6 21. Bxg5 Nxe4 22. Bxd8 Rexd8 23. g3 g6 24. Bf3 Nf6 25. b5 axb5 26. axb5 Nd5 27. bxc6 bxc6 28. Ra1 Rxa1 29. Rxa1 Nb4 30. Rd1 e5 31. dxe5 Rxd1+ 32. Bxd1 Nd3 33. e6 fxe6 34. Ba4 Nb4 35. f4 Kf7 36. Kf2 Ke7 37. Ke3 Kd7 38. Kd4 Nd5 39. Bb3 Nb4 40. Ba4 Nd5 41. Ke5 Nb4 42. Kf6 Nd3 43. Kg7 Nxc5 44. Bc2 Ke7 45. Kxh7 Kf8 46. Kxg6 Nd7 47. h4 c5 48. Bb3 e5 49. Be6 exf4 50. Bxd7 fxg3 51. Bc6 c4 52. h5 Kg8 53. h6 Kh8 54. Be4 c3 0-1


[Site "https://www.chess.com"]

[Event "Titled Tuesday Blitz February 07 Late 2023"]
[White "Fernandez Garcia, Gumersindo"]
[Black "Sielecki, Christof"]
[WhiteFideId "24516740"]
[BlackFideId "4620437"]
[WhiteElo "2160"]
[BlackElo "2419"]
[Result "1-0"]
[Round "08"]
[TimeControl "180+2"]
[Date "2023.02.07"]
[WhiteClock "0:00:42"]
[BlackClock "0:00:02"]

1. e4 c5 2. a3 g6 3. h4 Nf6 4. e5 Nh5 5. Be2 Nc6 6. Bxh5 gxh5 7. Qxh5 Rg8 8. g3 d6 9. exd6 Bg4 10. Qxc5 e5 11. Qb5 Bxd6 12. Nc3 a6 13. Qa4 b5 14. Qe4 Nd4 15. Qxh7 Rg6 16. Kf1 Qf6 17. Ne4 Qf5 18. Nxd6+ Rxd6 19. Qh8+ Ke7 20. Qxa8 Rf6 21. Qb7+ Kf8 22. Rh2 Qxc2 23. Qb8+ Kg7 24. Qxe5 Qd3+ 25. Kg2 Bf3+ 26. Nxf3 Nxf3 27. Qe3 1-0


[Site "https://www.chess.com"]

[Event "Titled Tuesday Blitz February 07 Late 2023"]
[White "Shapiro, Viktor"]
[Black "Mikhalsky, Vladimir"]
[WhiteFideId "4175700"]
[BlackFideId "14144352"]
[WhiteElo "2192"]
[BlackElo "2219"]
[Result "1-0"]
[Round "08"]
[TimeControl "180+2"]
[Date "2023.02.07"]
[WhiteClock "0:01:27"]
[BlackClock "0:00:12"]

1. c4 c5 2. Nc3 Nf6 3. g3 d5 4. Bg2 d4 5. Na4 e5 6. d3 Bd6 7. Nf3 O-O 8. O-O Re8 9. Bg5 h6 10. Bxf6 Qxf6 11. Nd2 Qe7 12. a3 a5 13. Qb3 Ra6 14. Ne4 Bg4 15. Rfe1 f5 16. Nxd6 Qxd6 17. Qb5 Nd7 18. Nxc5 Qxc5 19. Qxd7 Qe7 20. Qxb7 Qxb7 21. Bxb7 Rb6 22. Bd5+ Kh7 23. Rab1 Reb8 24. f3 Bh5 25. c5 Rxb2 26. Rxb2 Rxb2 27. c6 Be8 28. c7 Bd7 29. Rc1 Bc8 30. Kf2 Rb5 31. Bc6 Rb3 32. a4 Rb6 33. Rc5 Kg8 34. Bb5 e4 35. fxe4 fxe4 36. dxe4 Rf6+ 37. Ke1 Kf8 38. Rd5 Ke7 39. Rd8 Rf8 40. Rxd4 Ke6 41. Rd8 Ke7 42. Rxf8 Kxf8 43. Kd2 Ke7 44. Kc3 Kd6 45. Kd4 Kxc7 46. Kc5 Bg4 47. e5 Kd8 48. Kd6 h5 49. e6 1-0


[Site "https://www.chess.com"]